 Dungeon Crawl Stone Soup version 0.23-a0-558-g30802b1 (webtiles) character file.

243 AverageBear the Chopper (level 5, 1/46 HPs)
             Began as a Deep Dwarf Fighter on Dec 11, 2018.
             Quit the game on level 3 of the Dungeon.
             The game lasted 00:02:36 (1565 turns).

AverageBear the Chopper (Deep Dwarf Fighter)        Turns: 1565, Time: 00:02:36

Health: 1/46       AC:  7    Str: 17 (20) XL:     5   Next: 82%
Magic:  5/5        EV:  7    Int:  8      God:
Gold:   123        SH:  9    Dex: 12 (13) Spells: 4/4 levels left

rFire    . . .     SeeInvis .   a - +1 war axe
rCold    . . .     Gourm    .   c - +0 shield
rNeg     . . .     Faith    .   b - +1 scale mail
rPois    .         Spirit   .   (no helmet)
rElec    .         Reflect  .   (no cloak)
rCorr    .         Harm     .   (no gloves)
MR       .....                  (no boots)
Stlth    ..........             (no amulet)
HPRegen  0.00/turn              (no ring)
MPRegen  0.09/turn              (no ring)

@: non-regenerating
A: damage resistance, heal wounds, sense surroundings 1, no regeneration
a: Heal Wounds


You were on level 3 of the Dungeon.
You were not hungry.

You visited 1 branch of the dungeon, and saw 3 of its levels.

You collected 123 gold pieces.

Inventory:

Hand Weapons
 a - a +1 war axe (weapon)
Armour
 b - a +1 scale mail (worn)
 c - a +0 shield (worn)
Scrolls
 i - 3 scrolls of teleportation
 j - a scroll of fear
 k - 3 scrolls of remove curse
 l - a scroll of amnesia
Potions
 d - a potion of might
Comestibles
 f - 5 rations
 m - 6 chunks of flesh


   Skills:
 - Level 2.6 Fighting
 + Level 6.8 Axes
 - Level 3.2 Armour
 - Level 3.2 Shields


You had 4 spell levels left.
You didn't know any spells.
Your spell library was empty.

Dungeon Overview and Level Annotations

Branches:
Dungeon (3/15)

Altars:
Dithmenos


Innate Abilities, Weirdness & Mutations

You are resistant to damage.
You can heal yourself by infusing magical energy.
You passively map a small area around you.
You do not regenerate.


Message History

You butcher the ball python corpse.
m - 7 chunks of flesh (gained 1)
You see here a ball python skeleton.
Eating one of 7 chunks of flesh.
You eat one of the 7 chunks of flesh.
This raw flesh tastes terrible.
A worm comes into view.
There is an open door here.
You block the worm's attack.
You slash the worm!
The worm is severely wounded.
You hit the worm.
The worm is almost dead.
The worm completely misses you.
Your scale mail prevents you from hitting the worm.
The worm is almost dead.
The worm bites you but does no damage.
You hit the worm.
You kill the worm!
You see here a worm corpse.
Are you sure you want to abandon this character and quit the game? (Confirm

, .. *##†## *
, *#.##...##
#.......#
#.##...##
#.###.#######
#............
* *
#.###.#######
#####.###.# ,
,.......@..#
###########


There were no monsters in sight!

Vanquished Creatures
  A scorpion (D:3)
  A hound (D:2)
  3 orc wizards (D:3)
  An adder (D:2)
  An ooze (D:1)
  3 worms
  2 dart slugs
  2 leopard geckos
  5 orcs (D:3)
  2 giant cockroaches
  5 goblins
  7 hobgoblins
  2 jackals (D:2)
  4 kobolds
  A ball python (D:3)
  10 bats
  3 frilled lizards
  5 rats
58 creatures vanquished.

Notes
Turn   | Place    | Note
-------+----------+-------------------------------------------
     0 | D:1      | AverageBear the Deep Dwarf Fighter began the quest for the
                  | Orb.
     0 | D:1      | Reached XP level 1. HP: 20/20 MP: 1/1
     2 | D:1      | Noticed an electric eel
    54 | D:1      | Reached skill level 3 in Axes
    83 | D:1      | You fall through a shaft!
    85 | D:2      | Reached XP level 2. HP: 27/27 MP: 2/2
   337 | D:1      | Reached XP level 3. HP: 28/33 MP: 3/3
   357 | D:1      | Reached skill level 4 in Axes
  1178 | D:2      | Reached skill level 5 in Axes
  1178 | D:2      | Reached XP level 4. HP: 26/40 MP: 4/4
  1404 | D:3      | Reached XP level 5. HP: 26/46 MP: 5/5
  1467 | D:3      | Reached skill level 6 in Axes
  1476 | D:3      | HP: 2/69 [poisoned by an orc wizard]
  1515 | D:3      | Found a shadowy altar of Dithmenos.
  1565 | D:3      | Quit the game

Vault maps used:
D:1:      arrival_aquarium_a
D:2:      wander_river, first_ration
D:3:      nicolae_dithmenos_shadow_blocks

Skill      XL: |  1  2  3  4  5 |
---------------+----------------+-----
Axes           | 3 5 6 |  6.8
Fighting       | |  2.6
Armour         | |  3.2
Shields        | |  3.2

Action                   |  1- 3 |  4- 6 || total
-------------------------+-------+-------++-------
Melee: War axe           |   146 |    43 ||   189
  Use: Scroll            |     2 |     6 ||     8
       Potion            |       |     3 ||     3
 Stab: Invisible         |       |     4 ||     4
  Eat: Chunk             |     1 |     2 ||     3
Armor: Scale mail        |    84 |    12 ||    96
Dodge: Dodged            |    63 |     9 ||    72
Block: Shield            |    95 |    19 ||   114

Table legend:
 A = Non-vault XP
 B = Vault XP
 C = Vault XP percentage of total XP
 D = Non-vault monster count
 E = Vault monster count
 F = Vault count percentage of total count
                 A         B        C        D         E       F
            +---------+---------+-------+---------+---------+-------
      Total |     348 |       0 |   0.0 |      58 |       0 |   0.0
            +---------+---------+-------+---------+---------+-------
        D:1 |      38 |       0 |   0.0 |      18 |       0 |   0.0
        D:2 |      97 |       0 |   0.0 |      23 |       0 |   0.0
        D:3 |     213 |       0 |   0.0 |      17 |       0 |   0.0
            +---------+---------+-------+---------+---------+-------
